 Dungeon Crawl Stone Soup version 0.29-a0-43-g62a80824bf (webtiles) character file.

Game seed: 11100194906386102314

13 blackman the Sneak (level 2, 0/24 HPs)
             Began as a Human Delver on Feb 2, 2022.
             Was an Initiate of Cheibriados.
             Succumbed to an adder's poison
             ... on level 4 of the Dungeon.
             The game lasted 00:07:14 (902 turns).

blackman the Sneak (Human Delver)                    Turns: 902, Time: 00:07:14

Health: 0/24       AC:  3    Str: 13    XL:     2   Next: 50%
Magic:  11/11      EV: 12    Int: 11    God:    Cheibriados [......]
Gold:   0          SH:  0    Dex: 15    Spells: 1/1 levels left

rFire   . . .      SeeInvis .   a - +0 hand axe
rCold   . . .      Faith    .   (no shield)
rNeg    . . .      Spirit   .   b - +0 leather armour
rPois   .          Reflect  .   (no helmet)
rElec   .          Harm     .   (no cloak)
rCorr   .          Rampage  .   (no gloves)
Will    .....                   (no boots)
Stlth   +++.......              (no amulet)
HPRegen 0.08/turn               i - ring of magical power
MPRegen 0.12/turn               (no ring)

@: lethally poisoned (0 -> -11), very slow
A: no striking features
a: Renounce Religion


You were on level 4 of the Dungeon.
You worshipped Cheibriados.
Cheibriados was noncommittal.
You visited 2 branches of the dungeon, and saw 3 of its levels.

Inventory:

Hand Weapons
 a - a +0 hand axe (weapon)
Armour
 b - a +0 leather armour (worn)
Jewellery
 i - a ring of magical power (left hand)
Wands
 g - a wand of digging (2)
 h - a wand of flame (11)
Scrolls
 c - a scroll of fog
Potions
 d - a potion of berserk rage {unknown}
 j - a potion of lignification {unknown}
 k - a potion of degeneration {unknown}


   Skills:
 - Level 3.0 Fighting
 * Level 2.8 Axes
 - Level 2.0 Dodging
 - Level 5.0 Stealth
 - Level 0.3 Spellcasting


You had one spell level left.
You didn't know any spells.
Your spell library was empty.

Dungeon Overview and Level Annotations

Branches:
Dungeon (5/15)             Temple (1/1) D:4

Altars:
Ashenzari
Cheibriados
Elyvilon
Gozag
Hepliaklqana
Makhleb
Okawaru
Qazlal
Ru
Sif Muna
Trog
Wu Jian
Xom
Yredelemnul
The Shining One

Shops:
D:5 [


Message History

The jackal bites you but does no damage.
The adder bites you. The jackal closely misses you. The jackal misses you.
The jackal barely misses you.
You hit the adder.
The adder is moderately wounded.
You closely miss the jackal. You barely miss the jackal. x2
The adder completely misses you. The jackal closely misses you.
The jackal bites you but does no damage.
The jackal bites you. The adder barely misses you. The jackal bites you.
The jackal closely misses you.
You hit the adder.
The adder is severely wounded.
You hit the jackal.
You miss the jackal. x2; The jackal barely misses you.
The adder bites you.
You are poisoned.
The adder poisons you! The jackal closely misses you.
The jackal bites you but does no damage.
The jackal closely misses you.
You hit the adder but do no damage. Your punch misses the adder.
The adder is severely wounded.
You closely miss the jackal. You hit the jackal. x2
* * * LOW HITPOINT WARNING * * *
You feel sick.
The jackal bites you but does no damage.
The adder bites you.
* * * LOW HITPOINT WARNING * * *
You are more poisoned.
The adder poisons you! The jackal barely misses you. The jackal bites you.
* * * LOW HITPOINT WARNING * * *
The adder misses you.
The jackal bites you but does no damage.
The jackal closely misses you. x2
You hit the adder.
You kill the adder!
Cheibriados thoroughly appreciates the change of pace.
You hit the jackal.
You kill the jackal!
Cheibriados thoroughly appreciates the change of pace.
You hit the jackal but do no damage. You barely miss the jackal.
You die...

## #. ##. $. ..h.
.#.....
###.#.....
#.#..... ##h†..#
##hh@# #..†8#
###.>#####
#..8..#.## ..
#........###..
##.....#.##....
#......#.#....
#.....#.......!#
#.....###......##


You could see a hound (asleep) and 3 jackals.

Vanquished Creatures
  2 adders
  A giant cockroach (D:4)
  3 jackals
6 creatures vanquished.

Vanquished Creatures (others)
  12 fungi (D:5)
12 creatures vanquished.

Grand Total: 18 creatures vanquished

Notes
Turn   | Place    | Note
-------+----------+-------------------------------------------
     0 | D:5      | blackman the Human Delver began the quest for the Orb.
     0 | D:5      | Reached XP level 1. HP: 18/18 MP: 1/1
    68 | D:5      | Found a bloodstained altar of Trog.
   115 | D:5      | Found Doupixomn's Antique Armour Shoppe.
   131 | D:5      | Reached XP level 2. HP: 22/24 MP: 2/2
   280 | D:5      | Found an ornate altar of the Wu Jian Council.
   307 | D:5      | Noticed a bullfrog
   333 | D:5      | Found a burning altar of Makhleb.
   333 | D:5      | Noticed an ice beast
   371 | D:4      | Found a staircase to the Ecumenical Temple.
   380 | Temple   | Entered the Ecumenical Temple
   866 | Temple   | Became a worshipper of Cheibriados the Contemplative
   902 | D:4      | Succumbed to an adder's poison

Illustrated notes

Levels and vault maps discovered:
D:4:      layout_cave_pools, fedhas_altar_3, marbit_many_paths, temple_statues
D:5:      minmay_chambers_of_threes, layout_gridville, lemuel_doored_altar,
          nicolae_wu_jian_wuxing_cycle, mainiacjoe_overflow_chevrons,
          serial_shops, nicolae_shop_hallway_stairs, minmay_ogre_servants,
          uniq_eustachio
Temple:   minmay_temple_bridge_abc

Action                   || total
-------------------------++-------
Melee: Hand axe          ||    21
Evoke: Wand              ||     1
  Use: Scroll            ||     2
       Potion            ||     1
Armor: Leather armour    ||    13
Dodge: Dodged            ||    40

Table legend: (Time is in decaauts)
 A = Elapsed time spent in this place.
 B = Non-inter-level travel time spent in this place.
 C = Inter-level travel time spent in this place.
 D = Time resting spent in this place.
 E = Time spent auto-exploring this place.
 F = Levels seen in this place.
 G = Mean time per level.
                   A        B        C        D        E       F      G
               +--------+--------+--------+--------+--------+-----+--------+
         Total |    898 |    842 |     56 |    510 |     68 |   3 |  299.3 |
       Dungeon |    389 |    389 |      0 |    142 |      0 |   2 |  194.5 |
        Temple |    508 |    452 |     56 |    368 |     68 |   1 |  508.0 |
               +--------+--------+--------+--------+--------+-----+--------+

Top non-repeatable levels by time:
  Temple: 508 daAuts
     D:5: 359 daAuts
     D:4: 29 daAuts
